 Dungeon Crawl Stone Soup version 0.27-a0-1202-ge72e49191c (webtiles) character file.

Game seed: 262345859528397407

1218 hatdisgam the Firebug (level 8, -3/52 HPs)
             Began as a Mummy Fire Elementalist on June 3, 2021.
             Slain by Eustachio
             ... wielding a +0 rapier
              (8 damage)
             ... on level 5 of the Dungeon.
             The game lasted 00:12:47 (4836 turns).

hatdisgam the Firebug (Mummy Fire Elementalist)     Turns: 4836, Time: 00:12:49

Health: -3/52      AC:  3    Str: 12    XL:     8   Next: 22%
Magic:  4/14       EV: 12    Int: 16    God:
Gold:   255        SH:  0    Dex: 12    Spells: 10/15 levels left

rFire    + + .     SeeInvis .   b - staff of fire
rCold    x . .     Faith    .   (no shield)
rNeg     + + +     Spirit   .   p - +0 robe
rPois    ∞         Reflect  .   (no helmet)
rElec    .         Harm     .   m - +0 cloak
rCorr    .         Rampage  .   (no gloves)
Will     +....                  (no boots)
Stlth    ++........             (no amulet)
HPRegen  0.17/turn              i - ring of fire
MPRegen  0.14/turn              k - ring of fire

@: no status effects
A: cold resistance 1, negative energy resistance 3, torment resistance 2, heat
vulnerability 1, no potions
a: no special abilities


You were on level 5 of the Dungeon.
You visited 1 branch of the dungeon, and saw 5 of its levels.

You collected 255 gold pieces.

Inventory:

Hand Weapons
 a - a +1 dagger of electrocution
 c - a +0 whip
 e - a +0 hand axe
Armour
 g - a scarf of harm
 j - a +0 kite shield
 m - a +0 cloak (worn)
 p - a +0 robe (worn)
Magical Staves
 b - a staff of fire (weapon)
Jewellery
 i - a ring of fire (left hand)
 k - a ring of fire (right hand)
 s - a ring of willpower
Wands
 q - a wand of charming (10)
Scrolls
 d - a scroll of identify
 f - 2 scrolls of teleportation
 h - 2 scrolls of immolation
 l - 2 scrolls of magic mapping {unknown}
 n - a scroll of enchant weapon {unknown}
 o - a scroll of acquirement {unknown}
 r - 3 scrolls of amnesia {unknown}
 t - a scroll of blinking {unknown}


   Skills:
 - Level 1.5 Dodging
 - Level 1.5 Stealth
 + Level 3.1 Shields
 - Level 4.0 Spellcasting
 * Level 5.0 Conjurations
 * Level 5.6 Fire Magic


You had 10 spell levels left.
You knew the following spells:

 Your Spells              Type           Power      Damage    Failure   Level
a - Foxfire               Conj/Fire      100%       2x1d9     1%          1
b - Sticky Flame          Conj/Fire      62%        2d8       19%         4

Your spell library contained the following spells:

 Spells                   Type           Power      Damage    Failure   Level
 Magic Dart               Conj           76%        1d6       1%          1
 Conjure Flame            Conj/Fire      62%        6-21      5%          3
 Inner Flame              Hex/Fire       41%        N/A       16%         3
 Summon Small Mammal      Summ           12%        N/A       17%         1
 Blink                    Tloc           N/A        N/A       26%         2
 Call Imp                 Summ           3%         N/A       26%         2
 Slow                     Hex            3%         N/A       26%         2
 Mephitic Cloud           Conj/Pois/Air  8%         N/A       26%         3
 Call Canine Familiar     Summ           3%         N/A       45%         3
 Summon Guardian Golem    Hex/Summ       3%         N/A       45%         3
 Fireball                 Conj/Fire      31%        3d13      45%         5
 Summon Ice Beast         Ice/Summ       3%         N/A       86%         4
 Summon Lightning Spire   Summ/Air       3%         N/A       86%         4


Dungeon Overview and Level Annotations

Branches:
Dungeon (5/15)
 Temple: D:4-7

Altars:
Qazlal

Shops:
D:2 !

Annotations:
D:3 1 runed translucent door, Crazy Yiuf
D:5 Eustachio


Innate Abilities, Weirdness & Mutations

You are immune to poison.
Your flesh is cold resistant. (rC+)
You are immune to negative energy. (rN+++)
You are immune to unholy pain and torment.
You are vulnerable to heat. (rF-)
You do not drink.


Message History

You feel a huge surge of power!
You conjure some foxfire!
The foxfire hits the steam dragon but does no damage.
The steam dragon is moderately wounded.
The foxfire hits the steam dragon but does no damage.
The steam dragon is moderately wounded.
The foxfire hits the steam dragon but does no damage.
The steam dragon is moderately wounded.
The steam dragon misses you. The steam dragon claws you.
Unknown command.
As you read the scroll labelled ICHAMY IWKIYNATE, it crumbles to dust.
The creatures around you are filled with an inner flame!
It was a scroll of immolation.
The foxfire hits the steam dragon.
Flame seeps out of the steam dragon.
The steam dragon is heavily wounded.
The steam dragon is engulfed in blazing flames.
Flame seeps out of the steam dragon.
The steam dragon bites you! The steam dragon barely misses you.
A water moccasin skeleton comes into view.
As you read the scroll labelled DELUAH DUDY, it crumbles to dust.
It is a scroll of identify.
f - 2 scrolls of teleportation The steam dragon is engulfed in blazing flames.
The steam dragon explodes!
The fiery explosion engulfs you! You resist.
The fiery explosion engulfs the water moccasin skeleton!!!
You destroy the water moccasin skeleton!
The fiery explosion engulfs the ogre!!!
The ogre explodes!
Your Shields skill increases to level 3!
Your Conjurations skill increases to level 5!
You have reached level 8!
Unknown command.
You closely miss the shadow imp.
You are engulfed in blazing flames.
You resist.
* * * LOW HITPOINT WARNING * * *
The shadow imp picks up a beetle and eats it.
The shadow imp hits you.
* * * LOW HITPOINT WARNING * * *
Eustachio hits you with a +0 rapier!
You die...

#......#..##....#......
#......#.........#
#.>....#..######.#
#......#..# ##
#......#### #......#
#......# #....@5#+#####
...##+#@.§..... ...
#§°§§.... .. ..§§.....
.#........ ..........#
.#.#.......#
............#
.##..........#


You could see Eustachio (inner flame) and a shadow imp (summoned, inner flame).

Vanquished Creatures
  Prince Ribbit (D:5)
  Sigmund (D:4)
  Menkaure (D:5)
  A steam dragon (D:5)
  2 ogres (D:5)
  A scorpion (D:4)
  A water moccasin skeleton (D:5)
  A centaur zombie (D:5)
  A hound (D:4)
  2 jellies
  An orc priest (D:4)
  An iguana (D:4)
  An orc wizard (D:4)
  A hound skeleton (D:4)
  Robin (D:3)
  3 adders
  2 worms (D:2)
  A dart slug (D:4)
  10 orcs
  5 ball pythons
  6 endoplasms
  2 giant cockroaches
  12 hobgoblins
  8 jackals
  9 kobolds
  2 quokkas
  6 bats
  3 frilled lizards
  12 goblins
  3 rats
101 creatures vanquished.

Vanquished Creatures (others)
  302 foxfires
  7 plants (D:1)
  8 withered plants (D:1)
317 creatures vanquished.

Grand Total: 418 creatures vanquished

Notes
Turn   | Place    | Note
-------+----------+-------------------------------------------
     0 | D:1      | hatdisgam the Mummy Fire Elementalist began the quest for
                  | the Orb.
     0 | D:1      | Reached XP level 1. HP: 13/13 MP: 4/4
   109 | D:1      | Reached skill level 1 in Conjurations
   237 | D:1      | Reached XP level 2. HP: 19/19 MP: 3/5
   694 | D:1      | Found a faded altar of an unknown god.
   982 | D:2      | Found Zoobbem's Distillery.
  1094 | D:2      | Reached XP level 3. HP: 4/24 MP: 1/7
  2386 | D:3      | Found a runed translucent door.
  2387 | D:3      | Noticed Crazy Yiuf
  2550 | D:2      | Reached XP level 4. HP: 19/30 MP: 5/9
  2739 | D:3      | Learned a level 4 spell: Sticky Flame
  2885 | D:3      | Noticed Robin
  2904 | D:3      | Killed Robin
  3519 | D:4      | Reached skill level 1 in Shields
  3565 | D:4      | Reached XP level 5. HP: 35/35 MP: 6/10
  3691 | D:4      | Reached XP level 6. HP: 41/41 MP: 0/11
  4030 | D:4      | Noticed Sigmund
  4036 | D:4      | Killed Sigmund
  4438 | D:5      | Entered Level 5 of the Dungeon
  4462 | D:5      | Reached XP level 7. HP: 31/46 MP: 7/13
  4490 | D:5      | Noticed Menkaure
  4571 | D:5      | Killed Menkaure
  4634 | D:5      | Found a stormy altar of Qazlal.
  4772 | D:5      | Noticed Prince Ribbit
  4776 | D:5      | Killed Prince Ribbit
  4777 | D:5      | Reached skill level 5 in Fire Magic
  4822 | D:5      | Noticed Eustachio
  4823 | D:5      | Noticed a steam dragon
  4835 | D:5      | Killed a steam dragon
  4836 | D:5      | Reached skill level 5 in Conjurations
  4836 | D:5      | Reached XP level 8. HP: 16/52 MP: 4/14
  4836 | D:5      | Slain by Eustachio

Illustrated notes

Levels and vault maps discovered:
D:1:      eino_arrival_cavern_b, layout_rooms,
          shapermc_ecumenical_altar_flowoftime
D:2:      minmay_wonky_spiral, layout_rooms, serial_shops, shop, moated_statue
D:3:      layout_basic, kennysheep_generic_room_6, uniq_robin,
          uniq_crazy_yiuf_cottage
D:4:      layout_gridville, uniq_sigmund
D:5:      layout_gridville, grunt_qazlal_clouds, old_standard_altar,
          minmay_temple_entry_sparse_star, serial_glass, glass_columns_a,
          glass_columns_a, chequers_serial_rivers_micro_d, uniq_menkaure,
          uniq_prince_ribbit1, uniq_eustachio

Skill      XL: |  1  2  3  4  5  6  7 |
---------------+----------------------+-----
Conjurations   | 1 2 3 5 |  5.0
Spellcasting   | 3 4 |  4.0
Fire Magic     | 3 4 5 |  5.6
Shields        | 1 2 3 |  3.1
Dodging        | |  1.5
Stealth        | |  1.5

Action                   |  1- 3 |  4- 6 |  7- 9 || total
-------------------------+-------+-------+-------++-------
Melee: Unarmed           |     3 |       |       ||     3
       Hand axe          |    56 |       |       ||    56
       Whip              |    15 |       |       ||    15
       Staff             |    12 |     7 |     1 ||    20
       Dagger            |       |     3 |       ||     3
 Cast: Foxfire           |    67 |    78 |    30 ||   175
       Sticky Flame      |       |     1 |       ||     1
  Use: Scroll            |       |       |     2 ||     2
 Stab: Sleeping          |     2 |       |       ||     2
Armor: Robe              |    23 |     5 |     4 ||    32
Dodge: Dodged            |    77 |    12 |    10 ||    99

Table legend: (Time is in decaauts)
 A = Elapsed time spent in this place.
 B = Non-inter-level travel time spent in this place.
 C = Inter-level travel time spent in this place.
 D = Time resting spent in this place.
 E = Time spent auto-exploring this place.
 F = Levels seen in this place.
 G = Mean time per level.
                   A        B        C        D        E       F      G
               +--------+--------+--------+--------+--------+-----+--------+
         Total |   4857 |   4712 |    145 |    808 |   3018 |   5 |  971.4 |
       Dungeon |   4857 |   4712 |    145 |    808 |   3018 |   5 |  971.4 |
               +--------+--------+--------+--------+--------+-----+--------+

Top non-repeatable levels by time:
     D:3: 1303 daAuts
     D:1: 1134 daAuts
     D:2: 1062 daAuts
     D:4: 1027 daAuts
     D:5: 328 daAuts
